 Dungeon Crawl Stone Soup version 0.28-a0-1506-g3893175d92 (webtiles) character file.

Game seed: 12066055325864097920

2447 bjtr the Arsonist (level 9, -19/76 HPs)
             Began as an Ogre Fire Elementalist on Jan 13, 2022.
             Demolished by a komodo dragon (26 damage)
             ... on level 4 of the Dungeon.
             The game lasted 00:31:03 (6406 turns).

bjtr the Arsonist (Ogre Fire Elementalist)          Turns: 6406, Time: 00:31:04

Health: -19/76     AC:  7    Str: 13 (14) XL:     9   Next: 49%
Magic:  29/29      EV: 11    Int: 19 (20) God:
Gold:   255        SH:  0    Dex: 12 (15) Spells: 10/23 levels left

rFire   . . .      SeeInvis .   a - +9 dagger of Expedience {pain, rPois rC- Stlth+}
rCold   x . .      Faith    .   (no shield)
rNeg    . . .      Spirit   .   t - +0 robe
rPois   +          Reflect  .   O - +2 hood of the Assassin {Detection Stab+ Stlth++}
rElec   .          Harm     .   (no cloak)
rCorr   .          Rampage  .   (gloves unavailable)
Will    .....      Clarity  +   (boots unavailable)
Stlth   +++++.....              (no amulet)
HPRegen 0.22/turn               i - ring of magical power
MPRegen 0.21/turn               v - +6 ring of dexterity

@: no status effects
A: large, unfitting armour, tough skin 1, iridescent scales 1, clarity,
MP-powered wands
a: no special abilities


You were on level 4 of the Dungeon.
You visited 1 branch of the dungeon, and saw 7 of its levels.
You also visited: Sewer.

You collected 255 gold pieces.

Inventory:

Hand Weapons
 a - the +9 dagger of Expedience (weapon) {pain, rPois rC- Stlth+}
   (You found it on level 2 of the Dungeon)

   In the hands of one skilled in necromantic magic, it inflicts extra damage on
   living creatures.
   rC:        It makes you vulnerable to cold.
   rPois:     It protects you from poison.
   Stlth:     It makes you more stealthy.
 e - a +0 club
 k - a +0 dagger
 q - a +0 hunting sling
 r - a +0 trident
 s - a +0 falchion
 u - a +2 dagger of speed
 A - a +0 scythe
 E - a +2 dagger of draining
 F - a +0 hunting sling
 L - a +0 giant spiked club
Missiles
 g - 10 poisoned darts
 l - 199 stones
 G - 3 boomerangs
 K - 3 atropa-tipped darts
 P - 13 sling bullets
Armour
 d - the +3 warlock's mirror {reflect}
   (You found it on level 6 of the Dungeon)

   It can block and reflect piercing ranged attacks and magical attacks against
   the wielder's willpower.
 n - an orb of light
 t - a +0 robe (worn)
 D - a +0 animal skin
 O - the +2 hood of the Assassin (worn) {Detection Stab+ Stlth++}
   (You found it on level 5 of the Dungeon)

   It allows the wearer to sense nearby creatures.
   It allows the wearer to make particularly effective stabbing attacks against
   helpless or unaware enemies with any weapon.
   Stlth:     It makes you much more stealthy.
Magical Staves
 b - a staff of fire
Jewellery
 i - a ring of magical power (left hand)
 v - a +6 ring of dexterity (right hand)
Wands
 J - a wand of paralysis (7)
Scrolls
 c - a scroll of summoning {unknown}
 p - 2 scrolls of teleportation
 w - 2 scrolls of blinking {unknown}
 x - 4 scrolls of enchant armour {unknown}
 y - a scroll of fear {unknown}
 z - 3 scrolls of identify
 B - a scroll of enchant weapon {unknown}
 C - 2 scrolls of magic mapping
 H - a scroll of fog {unknown}
 M - a scroll of silence {unknown}
 N - a scroll of amnesia {unknown}
Potions
 f - a potion of berserk rage {unknown}
 h - 4 potions of brilliance
 j - 2 potions of mutation
 m - 3 potions of attraction
 o - a potion of degeneration
 I - a potion of invisibility


   Skills:
 + Level 1.3 Fighting
 * Level 4.6 Dodging
 - Level 1.4 Stealth
 + Level 7.8 Spellcasting
 + Level 1.9 Conjurations
 * Level 8.8 Fire Magic


You had 10 spell levels left.
You knew the following spells:

 Your Spells              Type           Power      Damage    Failure   Level
a - Foxfire               Conj/Fire      100%       2x1d9     1%          1
b - Scorch                Fire           80%        2d9       1%          2
c - Conjure Flame         Conj/Fire      27%        6-21      3%          3
d - Inner Flame           Hex/Fire       24%        N/A       4%          3
e - Flame Wave            Conj/Fire      27%        2d6       10%         4

Your spell library contained the following spells:

 Spells                   Type           Power      Damage    Failure   Level
 Shock                    Conj/Air       44%        1d5       6%          1
 Swiftness                Air            7%         N/A       28%         3
 Airstrike                Air            3%         N/A       67%         4


Dungeon Overview and Level Annotations

Branches:
Dungeon (7/15)              Sewer (visited)
 Temple: D:4-7

Altars:

Shops:
D:7 [

Annotations:
D:3 2 transporters


Innate Abilities, Weirdness & Mutations

You are too large for most types of armour.
You have tough skin. (AC +1)
You are partially covered in iridescent scales. (AC +2)
You possess an exceptional clarity of mind.
You expend magic power (3 MP) to strengthen your wands.


Message History

Found the +2 hood of the Assassin {Detection Stab+ Stlth++}.
Found a stone staircase leading down.
Found 16 gold pieces.
You see here the +2 hood of the Assassin {Detection Stab+ Stlth++}.
O - the +2 hood of the Assassin {Detection Stab+ Stlth++} You start putting on your armour.
You continue putting on the +2 hood of the Assassin {Detection Stab+ Stlth++}. x4
You finish putting on the +2 hood of the Assassin {Detection Stab+ Stlth++}.
p - 2 scrolls of teleportation (gained 1)
You now have 239 gold pieces (gained 10).
You now have 255 gold pieces (gained 16).
You open the door.
There is an open door here.
There is an open door here.
Found 13 sling bullets.
l - 199 stones (gained 22)
There is a stone staircase leading up here.
A komodo dragon is nearby!
A komodo dragon is nearby!
You see here 13 sling bullets.
P - 13 sling bullets Unknown command.
Okay, then.
There is an open door here.
The komodo dragon hisses angrily.
The komodo dragon bites you!!
Unknown command.
You hit the komodo dragon but do no damage.
The komodo dragon bites you!!
Unknown command.
There is an escape hatch in the ceiling here.
The komodo dragon bites you!!
* * * LOW HITPOINT WARNING * * *
A mysterious force pulls you upwards. The hatch slams shut behind you.
Okay, then.
It was a potion of degeneration.
There was something very wrong with that liquid.
You feel weakened.
You feel dopey.
You feel clumsy. The komodo dragon bites you!!
You die...

#
#..###.).#..........####
#
#..##........^.#.....#.#
#
##..##......######.....##
#####...#.....### ##...##
..............# #..##
...####.....[### ##..#
####
#.....[..#######...## #
#..........l........###
##........@...........##
#................####.# #
#................# ###
### #................#
### ..###
#....#...######..#####.#
##..#####..##..##
##.#....##
###....##..#..# ##......#
##..#####..## #.#######
##.# #### ###


You could see a komodo dragon.

Vanquished Creatures
  A two-headed ogre (D:5)
  Grinder (D:4)
  Sigmund (D:3)
  3 yaks (D:5)
  Pargi (Sewer)
  2 ice beasts
  4 scorpions
  A water moccasin skeleton (D:4)
  3 orc priests
  A bullfrog skeleton (D:5)
  A gnoll shaman (D:6)
  4 iguanas
  4 orc wizards
  A hound skeleton (D:4)
  A hound zombie (D:5)
  Robin (D:4)
  6 adders
  An ufetubus (D:4)
  A worm (D:2)
  2 dart slugs
  10 orcs
  4 bats
  7 endoplasms
  8 giant cockroaches
  16 goblins
  8 hobgoblins
  2 jackals (D:1)
  2 quokkas
  8 ball pythons
  8 frilled lizards
  7 kobolds
  3 rats
123 creatures vanquished.

Vanquished Creatures (others)
  104 foxfires
104 creatures vanquished.

Grand Total: 227 creatures vanquished

Notes
Turn   | Place    | Note
-------+----------+-------------------------------------------
     0 | D:1      | bjtr the Ogre Fire Elementalist began the quest for the
                  | Orb.
     0 | D:1      | Reached XP level 1. HP: 16/16 MP: 3/3
   255 | D:1      | Reached XP level 2. HP: 24/24 MP: 1/5
   296 | D:1      | Learned a level 2 spell: Scorch
   341 | D:1      | Reached skill level 3 in Fire Magic
  1560 | D:2      | Reached XP level 3. HP: 30/31 MP: 5/7
  1564 | D:2      | Learned a level 3 spell: Conjure Flame
  1874 | D:2      | Identified the +9 dagger of Expedience {pain, rPois rC-
                  | Stlth+}
  2011 | D:2      | Reached XP level 4. HP: 39/39 MP: 8/8
  2115 | D:2      | Found a faded altar of an unknown god.
  2635 | D:3      | Noticed Sigmund
  2649 | D:3      | Killed Sigmund
  2650 | D:3      | Reached skill level 1 in Conjurations
  2650 | D:3      | Reached skill level 4 in Fire Magic
  2650 | D:3      | Reached XP level 5. HP: 40/45 MP: 0/11
  2650 | D:3      | Reached XP level 6. HP: 47/53 MP: 0/12
  2684 | D:3      | Found a transporter.
  2887 | D:3      | Found a transporter.
  3088 | D:3      | Learned a level 3 spell: Inner Flame
  3093 | D:3      | Learned a level 4 spell: Flame Wave
  3166 | D:3      | Upgraded the game from 0.28-a0-1493-g08698888e4 to
                  | 0.28-a0-1506-g3893175d92
  3234 | D:4      | Found a glowing drain.
  3234 | D:4      | You fall into a shaft and drop 3 floors!
  3249 | D:7      | Found Ijoicupt's Antique Armour Shoppe.
  3250 | D:7      | Noticed an ice beast
  3256 | D:7      | Killed an ice beast
  3257 | D:7      | Reached skill level 5 in Fire Magic
  3264 | D:6      | Found the +3 warlock's mirror {reflect}
  3268 | D:6      | Gained mutation: You expend magic power (3 MP) to
                  | strengthen your wands. [potion of mutation]
  3268 | D:6      | Gained mutation: You possess an exceptional clarity of
                  | mind. [potion of mutation]
  3268 | D:6      | Gained mutation: You are partially covered in iridescent
                  | scales. (AC +2) [potion of mutation]
  3270 | D:6      | HP: 2/53 [gnoll shaman (5)]
  3605 | D:5      | Entered Level 5 of the Dungeon
  3610 | D:5      | Reached XP level 7. HP: 59/59 MP: 14/14
  3641 | D:5      | Reached skill level 5 in Spellcasting
  3692 | D:4      | Noticed Robin
  3709 | D:4      | Noticed Grinder
  3714 | Sewer    | Entered a sewer
  3791 | Sewer    | Noticed Pargi
  3794 | Sewer    | Killed Pargi
  3795 | Sewer    | Reached skill level 6 in Fire Magic
  4020 | D:4      | Killed Robin
  4021 | D:4      | Paralysed by Grinder for 6 turns
  4032 | D:4      | Killed Grinder
  4033 | D:4      | Reached XP level 8. HP: 24/68 MP: 7/16
  4275 | D:4      | Reached skill level 1 in Fighting
  5532 | D:5      | Noticed a two-headed ogre
  5619 | D:5      | Reached skill level 7 in Fire Magic
  5781 | D:5      | Killed a two-headed ogre
  5782 | D:5      | Reached skill level 8 in Fire Magic
  5782 | D:5      | Reached XP level 9. HP: 76/76 MP: 16/19
  6081 | D:5      | Noticed a komodo dragon
  6261 | D:5      | Found the +2 hood of the Assassin {Detection Stab+ Stlth++}
  6406 | D:4      | Demolished by a komodo dragon

Illustrated notes

Levels and vault maps discovered:
D:1:      nzn_arrival_crosshair, layout_basic, minmay_misc_feat_alley
D:2:      minmay_kobold_bridge, layout_loops_ring,
          hellmonk_ecumenical_altar_heavens_door, minmay_pentomino_q4
D:3:      gammafunk_steamed_eel, layout_basic, uniq_sigmund
D:4:      layout_layer_cave, gup_sewer_entry_glass, uniq_grinder, uniq_robin
D:5:      layout_basic, nrook_loot_triangle, roderic_three_in_a_row
D:6:      layout_basic, minmay_temple_entry_statues_fountains, serial_shops,
          nicolae_lakefront_shop, uniq_duvessa, uniq_maggie, uniq_prince_ribbit1
D:7:      cheibrodos_helix_gallery, layout_gridville,
          mainiacjoe_overflow_alcove_1, gammafunk_ghost_smash, serial_shops,
          nicolae_stop_n_shop_2, minmay_tree_intersection

Skill      XL: |  1  2  3  4  5  6  7  8 |
---------------+-------------------------+-----
Fire Magic     | 3 4 5 6 8 |  8.8
Dodging        | 2 3 4 |  4.6
Spellcasting   | 3 4 5 7 |  7.8
Conjurations   | 1 |  1.9
Fighting       | 1 |  1.3
Stealth        | |  1.4

Action                   |  1- 3 |  4- 6 |  7- 9 || total
-------------------------+-------+-------+-------++-------
Melee: Club              |    20 |       |       ||    20
       Unarmed           |     1 |       |       ||     1
       Punch             |     2 |       |     1 ||     3
       Dagger            |     5 |    20 |    27 ||    52
       Trident           |     2 |       |       ||     2
 Cast: Foxfire           |    23 |     6 |    33 ||    62
       Scorch            |    27 |    21 |    70 ||   118
       Conjure Flame     |       |     1 |       ||     1
       Flame Wave        |       |       |     3 ||     3
  Use: Scroll            |       |     8 |     1 ||     9
       Potion            |       |     2 |     2 ||     4
 Stab: Sleeping          |     1 |     2 |       ||     3
Armor: Robe              |    14 |     5 |    37 ||    56
Dodge: Dodged            |    30 |     9 |    33 ||    72

Table legend: (Time is in decaauts)
 A = Elapsed time spent in this place.
 B = Non-inter-level travel time spent in this place.
 C = Inter-level travel time spent in this place.
 D = Time resting spent in this place.
 E = Time spent auto-exploring this place.
 F = Levels seen in this place.
 G = Mean time per level.
                   A        B        C        D        E       F      G
               +--------+--------+--------+--------+--------+-----+--------+
         Total |   6453 |   6304 |    149 |   1608 |   3498 |   8 |  806.6 |
       Dungeon |   6128 |   5979 |    149 |   1556 |   3287 |   7 |  875.4 |
         Sewer |    324 |    324 |      0 |     52 |    211 |   1 |  324.0 |
               +--------+--------+--------+--------+--------+-----+--------+

Top non-repeatable levels by time:
     D:4: 1699 daAuts
     D:1: 1482 daAuts
     D:5: 881 daAuts
     D:3: 877 daAuts
     D:2: 817 daAuts
     D:6: 340 daAuts
   Sewer: 324 daAuts
     D:7: 29 daAuts
